 Dungeon Crawl Stone Soup version 0.31-a0-675-g238779eb0a (webtiles) character file.

Game seed: 82563408490217142

1447 qw the Skirmisher (level 8, -5/51 HPs)
             Began as a Gargoyle Hunter on Sept 5, 2023.
             Slain by an ogre
             ... wielding a +0 giant club
              (18 damage)
             ... on level 6 of the Dungeon.
             The game lasted 00:02:04 (4461 turns).

qw the Skirmisher (Gargoyle Hunter)                 Turns: 4461, Time: 00:02:04

Health: -5/51      AC: 15    Str: 14    XL:     8   Next: 75%
Magic:  8/8        EV: 11    Int: 11    God:
Gold:   1109       SH:  0    Dex: 15    Spells: 7/7 levels left

rFire   . . .        c - +0 orcbow
rCold   . . .        (shield currently unavailable)
rNeg    + . .        d - +0 ring mail
rPois   inf          j - +2 helmet
rElec   +            (no cloak)
rCorr   .            (no gloves)
SInv    .            h - +0 pair of boots
Will    +....        (no amulet)
Stlth   +            i - ring of willpower
HPRegen 0.28/turn    (no ring)
MPRegen 0.11/turn

%: no passive effects
@: no status effects
A: sickness immunity, AC +5, negative energy resistance 1, electricity
resistance, torment resistance 1, petrification resistance
a: no special abilities


You were on level 6 of the Dungeon.
You visited 1 branch of the dungeon, and saw 6 of its levels.

You collected 1109 gold pieces.


Innate Abilities, Weirdness & Mutations

You are immune to sickness and miasma.
Your stone body is resilient. (AC +5)
You are immune to poison.
You resist negative energy. (rN+)
You are resistant to electric shocks. (rElec)
You are resistant to unholy torment.
You are immune to petrification.


   Skills:
 - Level 6.1 Fighting
 + Level 9.7 Ranged Weapons
 - Level 2.0 Armour
 - Level 2.0 Dodging
 - Level 1.1 Stealth


You had 7 spell levels left.
You didn't know any spells.
Your spell library was empty.

Inventory:

Hand Weapons
 c - a +0 orcbow (weapon)
Armour
 d - a +0 ring mail (worn)
 h - a +0 pair of boots (worn)
 j - a +2 helmet (worn)
Jewellery
 i - a ring of willpower (left hand)
Scrolls
 a - 2 scrolls of identify
 g - a scroll of silence {unknown}
Potions
 b - 2 potions of cancellation
 e - a potion of heal wounds
 f - a potion of curing
 k - a potion of might
 l - a potion of enlightenment {unknown}

Dungeon Overview and Level Annotations

Branches:
Dungeon (6/15)
 Temple: D:4-7

Altars:
Elyvilon
Fedhas
Makhleb
Nemelex Xobeh
Sif Muna
Trog
Vehumet


Message History

The centaur shoots an arrow.
The arrow misses you.
You shoot an arrow. The arrow hits the centaur!
You kill the centaur!
You start resting.
HP restored.
4425 ||| DROPPING +1 shortbow of draining.
You drop a +1 shortbow of draining.
g - a scroll labelled MILIUN VIETUACU An ogre comes into view.
It is wielding a +0 giant club.
The ogre shouts!
An iguana comes into view.
You shoot an arrow. The arrow hits the iguana.
The iguana is moderately wounded.
You shoot an arrow.
The arrow hits the iguana but does no damage.
The iguana is moderately wounded.
You shoot an arrow. The arrow hits the iguana.
The iguana is heavily wounded.
You shoot an arrow. The arrow hits the iguana.
The iguana is almost dead.
The iguana bites you but does no damage.
You shoot an arrow. The arrow hits the iguana.
You kill the iguana!
You shoot an arrow. The arrow barely misses the ogre.
The ogre hits you but does no damage.
You shoot an arrow. The arrow hits the ogre.
The ogre is lightly wounded.
The ogre hits you with a +0 giant club!!
Ouch! That really hurt!
You shoot an arrow. The arrow barely misses the ogre.
You shoot an arrow. The arrow hits the ogre!
The ogre is heavily wounded.
The ogre hits you but does no damage.
You shoot an arrow. The arrow hits the ogre.
The ogre is heavily wounded.
The ogre hits you with a +0 giant club!
You shoot an arrow. The arrow hits the ogre!
The ogre is almost dead.
The ogre hits you with a +0 giant club!!
You die...

#.#... #.#.## #..#........
#.#....#....###..#........
. ..####..###.#........
#...##.# #.#........
#....#.# #.####..... #
#....#.# #.# ###... #..
#.....# #.## ####
#..###.### ##.### #
#..O@.# ##..# ###..## ####
#.## ##


You could see an ogre.

Vanquished Creatures
  An ice beast (D:6)
  A black bear (D:6)
  An ogre (D:6)
  2 centaurs (D:6)
  A phantom (D:6)
  A scorpion (D:6)
  A howler monkey (D:4)
  An orc priest (D:6)
  2 hounds (D:4)
  A jelly (D:6)
  A sleepcap (D:3)
  6 iguanas
  6 orc wizards
  21 gnolls
  6 adders
  A white imp (D:5)
  A dart slug (D:1)
  3 worms
  23 orcs
  6 ball pythons
  5 bats
  5 endoplasms
  9 giant cockroaches
  3 goblins
  8 hobgoblins
  3 jackals (D:4)
  6 quokkas
  2 frilled lizards (D:1)
  8 kobolds
  4 rats
139 creatures vanquished.

Notes
Turn   | Place    | Note
-------+----------+-------------------------------------------
     0 | D:1      | qw the Gargoyle Hunter began the quest for the Orb.
     0 | D:1      | Reached XP level 1. HP: 12/12 MP: 1/1
     0 | D:1      | 0 ||| qw: Version: 0.3-a-75-g829b12e
     0 | D:1      | 0 ||| qw: Game counter: 84
     0 | D:1      | 0 ||| qw: Melee chars always use a shield: true
     0 | D:1      | 0 ||| qw: God list: Okawaru
     0 | D:1      | 0 ||| qw: Allow faded altars: false
     0 | D:1      | 0 ||| qw: Do Orc after clearing Dungeon:15 true
     0 | D:1      | 0 ||| qw: Do second Lair branch before Depths: true
     0 | D:1      | 0 ||| qw: Lair rune preference: random
     0 | D:1      | 0 ||| qw: Goals: Normal
     0 | D:1      | 0 ||| PLANNING D:1-11
   186 | D:1      | Reached XP level 2. HP: 17/17 MP: 2/2
   430 | D:1      | 430 ||| UPGRADING to +0 ring mail.
   440 | D:1      | 440 ||| DROPPING +0 leather armour.
   441 | D:1      | 441 ||| UPGRADING to +0 pair of boots.
   446 | D:1      | 446 ||| DROPPING +6 ring of intelligence.
   447 | D:1      | 447 ||| READING 3 scrolls labelled SUOFORCH GUECWU.
   448 | D:1      | 448 ||| READING 2 scrolls labelled QOLY CUVOBBOT.
   449 | D:1      | 449 ||| READING scroll labelled YNES WEIQUPHA.
   452 | D:1      | 452 ||| DRINKING 2 inky potions.
   453 | D:1      | 453 ||| READING 2 scrolls of identify.
   453 | D:1      | 453 ||| IDENTIFYING white potion
   454 | D:1      | 454 ||| DROPPING scroll of butterflies.
   455 | D:1      | 455 ||| DROPPING scroll of immolation.
   456 | D:1      | 456 ||| DROPPING potion of brilliance.
   558 | D:2      | Reached skill level 1 in Armour
   558 | D:2      | Reached XP level 3. HP: 21/21 MP: 3/3
   675 | D:2      | Reached skill level 5 in Ranged Weapons
   675 | D:2      | 675 ||| FLEEEEING.
   708 | D:2      | Reached XP level 4. HP: 27/27 MP: 4/4
   720 | D:2      | Identified the +8 dagger of Destiny {heavy, *Slow rF+
                  | Int+3}
   812 | D:2      | Reached skill level 3 in Fighting
  1101 | D:2      | 1101 ||| READING scroll labelled TUDATZ UTTIULO.
  1101 | D:2      | Identified a scroll of acquirement
  1101 | D:2      | 1101 ||| ACQUIRING 822 gold pieces
  1101 | D:2      | Acquired 822 gold pieces
  1103 | D:2      | 1103 ||| READING scroll labelled RIUTUH APOVESH.
  1104 | D:2      | 1104 ||| READING scroll labelled PONGUSAYDO.
  1105 | D:2      | 1105 ||| READING 2 scrolls labelled NAQATE ESHUMEU.
  1106 | D:2      | 1106 ||| READING scroll labelled LIANEPSU SIFOL.
  1107 | D:2      | 1107 ||| DRINKING 2 sapphire potions.
  1108 | D:2      | 1108 ||| READING 2 scrolls of identify.
  1108 | D:2      | 1108 ||| IDENTIFYING orange potion
  1109 | D:2      | 1109 ||| DROPPING scroll of fear.
  1178 | D:3      | 1178 ||| STAIRDANCE
  1188 | D:3      | Reached XP level 5. HP: 26/32 MP: 5/5
  1193 | D:3      | 1193 ||| STAIRDANCE
  1296 | D:3      | Reached skill level 6 in Ranged Weapons
  1351 | D:3      | Reached XP level 6. HP: 38/38 MP: 6/6
  1651 | D:3      | Found a shimmering blue altar of Sif Muna.
  1969 | D:3      | 1969 ||| UPGRADING to ring of willpower.
  1970 | D:3      | 1970 ||| READING scroll labelled GIPTON NIQECY.
  2094 | D:4      | 2094 ||| FLEEEEING.
  2095 | D:4      | 2095 ||| FLEEEEING.
  2096 | D:4      | 2096 ||| STAIRDANCE
  2097 | D:3      | Found a sparkling altar of Nemelex Xobeh.
  2097 | D:3      | Found a white marble altar of Elyvilon.
  2336 | D:4      | Found a blossoming altar of Fedhas.
  2451 | D:4      | Reached skill level 7 in Ranged Weapons
  2776 | D:4      | Found a radiant altar of Vehumet.
  3076 | D:4      | 3076 ||| READING scroll labelled GATUOP HAOPT.
  3077 | D:4      | 3077 ||| READING scroll labelled FUCWUFOY ZUAPS.
  3078 | D:4      | 3078 ||| READING scroll labelled ZIMEOG TEUGOSSUPS.
  3107 | D:5      | Entered Level 5 of the Dungeon
  3110 | D:5      | 3110 ||| STAIRDANCE
  3113 | D:4      | Reached XP level 7. HP: 40/43 MP: 7/7
  3126 | D:5      | 3126 ||| STAIRDANCE
  3135 | D:5      | 3135 ||| STAIRDANCE
  3171 | D:5      | 3171 ||| STAIRDANCE
  3206 | D:5      | 3206 ||| STAIRDANCE
  3355 | D:5      | 3355 ||| Stepping ~*~*~tactically~*~*~ (outnumbered).
  3357 | D:5      | 3357 ||| Stepping ~*~*~tactically~*~*~ (outnumbered).
  3358 | D:5      | 3358 ||| Stepping ~*~*~tactically~*~*~ (outnumbered).
  3359 | D:5      | 3359 ||| Stepping ~*~*~tactically~*~*~ (outnumbered).
  3362 | D:5      | 3362 ||| Stepping ~*~*~tactically~*~*~ (outnumbered).
  3363 | D:5      | 3363 ||| Stepping ~*~*~tactically~*~*~ (outnumbered).
  3364 | D:5      | 3364 ||| Stepping ~*~*~tactically~*~*~ (outnumbered).
  3366 | D:5      | 3366 ||| Stepping ~*~*~tactically~*~*~ (outnumbered).
  3373 | D:5      | Reached skill level 8 in Ranged Weapons
  3622 | D:5      | Found a burning altar of Makhleb.
  3752 | D:5      | 3752 ||| FLEEEEING.
  3814 | D:5      | Found a bloodstained altar of Trog.
  3936 | D:5      | 3936 ||| UPGRADING to +2 helmet.
  3941 | D:5      | 3941 ||| READING scroll labelled OFRUCIU MAETAPT.
  4175 | D:6      | 4175 ||| RETREATING.
  4185 | D:6      | 4185 ||| Stepping ~*~*~tactically~*~*~ (retreating).
  4186 | D:6      | 4186 ||| Stepping ~*~*~tactically~*~*~ (retreating).
  4188 | D:6      | 4188 ||| Stepping ~*~*~tactically~*~*~ (retreating).
  4189 | D:6      | 4189 ||| Stepping ~*~*~tactically~*~*~ (retreating).
  4190 | D:6      | 4190 ||| Stepping ~*~*~tactically~*~*~ (retreating).
  4195 | D:6      | Reached XP level 8. HP: 37/49 MP: 8/8
  4205 | D:6      | Reached skill level 9 in Ranged Weapons
  4205 | D:6      | 4205 ||| FLEEEEING.
  4213 | D:6      | 4213 ||| STAIRDANCE
  4255 | D:5      | 4255 ||| READING 3 scrolls of identify.
  4255 | D:5      | 4255 ||| IDENTIFYING fuming golden potion
  4256 | D:5      | 4256 ||| READING 2 scrolls of identify.
  4256 | D:5      | 4256 ||| IDENTIFYING bubbling sapphire potion
  4257 | D:5      | 4257 ||| DROPPING potion of berserk rage.
  4381 | D:6      | Reached skill level 6 in Fighting
  4401 | D:6      | 4401 ||| SWAPPING to +0 orcbow.
  4425 | D:6      | 4425 ||| DROPPING +1 shortbow of draining.
  4461 | D:6      | Slain by an ogre

Levels and vault maps discovered:
D:1:      dpeg_arrival_tiny_h, layout_rooms, minmay_ruptured
D:2:      layout_basic
D:3:      layout_loops_ring, kennysheep_orc_sif_temple,
          nicolae_overflow_hidden_temple
D:4:      layout_layer_cave, vehumet_altar_wand_db, lemuel_round_altar
D:5:      layout_cave_pools, trog_butcher_becter, nicolae_overflow_crystal_walls
D:6:      layout_layer_cave, minmay_strange_pillars,
          hangedman_abyss_or_decor_passed, minmay_bent, uniq_duvessa,
          uniq_edmund, uniq_crazy_yiuf_cottage

Skill      XL: |  1  2  3  4  5  6  7  8 |
---------------+-------------------------+-----
Armour         | 1 2 |  2.0
Ranged Weapons | 5 6 7 8 9 |  9.7
Fighting       | 3 4 5 6 |  6.1
Dodging        | 2 |  2.0
Stealth        | |  1.1

Action                     |  1- 3 |  4- 6 |  7- 9 || total
---------------------------+-------+-------+-------++-------
   Fire: Shortbow          |    66 |   213 |   180 ||   459
         Orcbow            |       |       |    15 ||    15
    Use: Scroll            |     4 |    10 |     3 ||    17
         Potion            |     1 |     1 |       ||     2
 Armour: Leather armour    |     7 |       |       ||     7
         Ring mail         |    10 |    50 |   107 ||   167
  Dodge: Dodged            |    24 |    68 |    69 ||   161

Table legend:
 A = Non-vault XP
 B = Vault XP
 C = Vault XP percentage of total XP
 D = Non-vault monster count
 E = Vault monster count
 F = Vault count percentage of total count
                 A         B        C        D         E       F
            +---------+---------+-------+---------+---------+-------
      Total |    1221 |     847 |  41.0 |     117 |      22 |  15.8
            +---------+---------+-------+---------+---------+-------
        D:1 |      15 |       7 |  31.8 |       8 |       4 |  33.3
        D:2 |     141 |       0 |   0.0 |      23 |       0 |   0.0
        D:3 |     231 |       3 |   1.3 |      31 |       1 |   3.1
        D:4 |     279 |       1 |   0.4 |      27 |       1 |   3.6
        D:5 |     344 |       9 |   2.5 |      16 |       4 |  20.0
        D:6 |     211 |     827 |  79.7 |      12 |      12 |  50.0
            +---------+---------+-------+---------+---------+-------
